 Dungeon Crawl Stone Soup version 0.17-a0-913-g36eb389 (webtiles) character file.

464 drasked the Chucker (level 7, -3/66 HPs)
             Began as an Ogre Hunter on May 3, 2015.
             Slain by a killer bee (4 damage)
             ... on level 4 of the Dungeon.
             The game lasted 00:23:18 (5093 turns).

drasked the Chucker (Ogre Hunter)                   Turns: 5093, Time: 00:23:19

Health: -3/66      AC:  6    Str: 20    XL:     7   Next: 8%
Magic:  16/16      EV: 10    Int: 10    God:
Gold:   219        SH:  0    Dex: 10    Spells: 0 memorised, 6 levels left

rFire  . . .     SeeInvis .     D - +5 whip (venom)
rCold  . . .     Clarity  .     d - +1 robe
rNeg   . . .     SustAb   .     (no shield)
rPois  .         Gourm    .     (helmet restricted)
rElec  .         Spirit   .     o - +1 cloak
rCorr  .         Warding  .     (gloves unavailable)
rMut   .         Stasis   .     (boots unavailable)
MR     .....                    (no amulet)
Stlth  +.........               t - ring of magical power {MP+9}
                                g - ring of teleport control {cTele, !d}

@: lethally poisoned (-3 -> -12), not resistant to hostile enchantments, very
unstealthy
A: unfitting armour, tough skin 1
a: Evoke Teleport Control


You were on level 4 of the Dungeon.
You were not hungry.

You visited 1 branch of the dungeon, and saw 4 of its levels.

You collected 219 gold pieces.

Inventory:

Hand weapons
 l - a +0 club
   (You took it off a kobold on level 1 of the Dungeon)
 B - a +0 blowgun
   (You took it off a kobold on level 3 of the Dungeon)
 D - a +5 whip of venom (weapon)
   (You took it off a kobold on level 3 of the Dungeon)
Missiles
 b - 4 large rocks (quivered) {!d}
 c - 3 throwing nets {=f, !d}
 f - 43 stones
 C - 26 poisoned needles
Armour
 d - a +1 robe (worn)
 o - a +1 cloak (worn)
   (You found it on level 4 of the Dungeon)
Jewellery
 g - a ring of teleport control (left hand) {cTele, !d}
   (You found it on level 1 of the Dungeon)
 p - an uncursed ring of fire {unknown}
   (You found it on level 4 of the Dungeon)
 t - a ring of magical power (right hand) {MP+9}
   (You found it on level 3 of the Dungeon)
Magical devices
 n - a wand of slowing (38)
   (You took it off a gnoll on level 2 of the Dungeon)
 x - a wand of enslavement (10)
   (You took it off Jessica on level 3 of the Dungeon)
Scrolls
 k - 8 scrolls of identify
 v - a scroll of amnesia {unknown}
 w - a scroll of enchant armour
Potions
 a - a potion of curing
 i - a potion of mutation {unknown}
 j - a potion of flight {unknown}
 m - a potion of poison {unknown}
 r - 2 potions of heal wounds {unknown}
 u - a potion of ambrosia {unknown}
Comestibles
 e - 3 bread rations {@e1}
 h - 3 meat rations {@e2}
 q - a royal jelly
 s - 3 fruits
 z - a slice of pizza


   Skills:
 - Level 2.6 Fighting
 + Level 5.3 Maces & Flails
 + Level 7.5 Throwing
 - Level 2.0 Dodging
 - Level 1.2 Stealth


You had 6 spell levels left.
You didn't know any spells.

Dungeon Overview and Level Annotations

Branches:
Dungeon (4/15)
 Temple: D:4-7

Altars:
Cheibriados
Elyvilon
Makhleb
Nemelex Xobeh
Okawaru


Innate Abilities, Weirdness & Mutations

You are too large for most types of armour.
You have tough skin (AC +1).


Message History

A killer bee is nearby!
Aim: a killer bee (resting)
You throw a stone.
The stone hits the killer bee but does no damage.
The killer bee buzzes angrily.
Aim: a killer bee You throw a stone.
The stone hits the killer bee. 2 killer bees come into view.
Aim: a killer bee (lightly wounded)
You throw a stone. The stone misses the killer bee.
The stone barely misses the killer bee.
The killer bee buzzes angrily. x2
A killer bee comes into view.
Aim: a killer bee (hasn't noticed you)
You throw a stone. The killer bee buzzes angrily.
The stone hits the killer bee.
Aim: a killer bee You throw a stone.
The stone hits the killer bee.
The killer bee stings you but does no damage.
A killer bee comes into view.
Quiver which item? (- for none, * to show all) (? for menu, Esc to quit)
Quivering
b - 11 large rocks {!d} for throwing.
Aim: a killer bee You throw a large rock {!d}.
The large rock {!d} hits the killer bee but does no damage.
The killer bee closely misses you. The killer bee misses you.
Aim: a killer bee You throw a large rock {!d}.
The large rock {!d} misses the killer bee. x3
The killer bee stings you. x2
The killer bee misses you. The killer bee stings you.
You take 5 damage, and have 54/59 hp.
Aim: a killer bee You throw a large rock {!d}.
The large rock {!d} misses the killer bee. x2
The killer bee barely misses you.
Aim: a killer bee (moderately wounded)
You throw a large rock {!d}.
The large rock {!d} misses the killer bee.
The large rock {!d} hits the killer bee!
You kill the killer bee!
You have reached level 7!
The killer bee stings you but does no damage.
The killer bee completely misses you. The killer bee stings you!
The killer bee stings you but does no damage.
The killer bee stings you.
You take 5 damage, and have 49/66 hp.
MP restored: 16
Aim: a killer bee You throw a large rock {!d}.
The large rock {!d} hits the killer bee.
The killer bee closely misses you. The killer bee stings you.
The killer bee closely misses you.
The killer bee stings you but does no damage.
The killer bee closely misses you.
You take 2 damage, and have 47/66 hp.
Aim: a killer bee You throw a large rock {!d}.
The large rock {!d} closely misses the killer bee.
The large rock {!d} barely misses the killer bee.
The killer bee stings you.
The killer bee stings you but does no damage.
The killer bee misses you. The killer bee barely misses you.
You take 4 damage, and have 43/66 hp.
Read which item? (? for menu, Esc to quit)
Okay, then.
You barely miss the killer bee.
The killer bee stings you but does no damage.
The killer bee stings you.
You are poisoned.
The killer bee poisons you! The killer bee stings you.
The killer bee stings you! The killer bee closely misses you.
The killer bee stings you!
* * * LOW HITPOINT WARNING * * *
You take 25 damage, and have 18/66 hp.
MASSIVE DAMAGE!!
Drink which item? (? for menu, Esc to quit)
You feel better.
The killer bee stings you but does no damage.
The killer bee closely misses you. The killer bee stings you.
You are poisoned.
The killer bee poisons you! The killer bee barely misses you.
The killer bee stings you!
* * * LOW HITPOINT WARNING * * *
You are more poisoned.
The killer bee poisons you! The killer bee stings you!
* * * LOW HITPOINT WARNING * * *
You take 6 damage, and have 12/66 hp.
Quiver which item? (- for none, * to show all) (? for menu, Esc to quit)
Quivering
v - a scroll labeled GEICOPI CAQIE for throwing.
Quiver which item? (- for none, * to show all) (? for menu, Esc to quit)
Quivering
b - 5 large rocks {!d} for throwing.
Aim: a killer bee You throw a large rock {!d}.
The large rock {!d} hits the killer bee!
You feel sick. The killer bee stings you!
* * * LOW HITPOINT WARNING * * *
The killer bee stings you.
You die...

... ......... ...........
.............
...............
................
.................
.......y..........#
(..?.(yy@.........#
((.....y..........#
.................# ...
.................# ....
.................# .....
................# ......
.................# ......
..................#
.....................>....#
###


You could see 4 killer bees.

Vanquished Creatures
  An ogre (D:4)
  A killer bee (D:4)
  2 orc priests (D:3)
  Jessica (D:3)
  An orc wizard (D:3)
  2 worker ants (D:4)
  6 adders
  2 gnolls (D:2)
  A shadow imp (D:3)
  An ooze (D:3)
  2 adder skeletons
  A worm (D:3)
  3 giant geckos
  5 orcs (D:3)
  9 bats
  10 goblins
  11 hobgoblins
  2 quokkas
  A ball python (D:2)
  4 giant cockroaches
  2 giant newts
  10 kobolds
  7 rats
85 creatures vanquished.

Notes
Turn   | Place    | Note
--------------------------------------------------------------
     0 | D:1      | drasked, the Ogre Hunter, began the quest for the Orb.
     0 | D:1      | Reached XP level 1. HP: 22/22 MP: 1/1
   162 | D:1      | Reached skill level 1 in Stealth
   271 | D:1      | Reached skill level 2 in Dodging
   317 | D:1      | Reached XP level 2. HP: 25/29 MP: 2/2
   828 | D:2      | Reached skill level 5 in Throwing
   828 | D:2      | Reached XP level 3. HP: 19/36 MP: 3/3
  1279 | D:2      | Found a white marble altar of Elyvilon.
  1383 | D:2      | HP: 9/36 [poisoned by an adder]
  2117 | D:2      | Found a snail-covered altar of Cheibriados.
  2126 | D:2      | Reached XP level 4. HP: 44/44 MP: 4/4
  2151 | D:2      | Reached skill level 1 in Maces & Flails
  2550 | D:2      | Found an iron altar of Okawaru.
  2587 | D:2      | Found a sparkling altar of Nemelex Xobeh.
  2862 | D:3      | Reached skill level 2 in Maces & Flails
  2871 | D:3      | Reached skill level 6 in Throwing
  3264 | D:3      | Reached XP level 5. HP: 42/50 MP: 5/5
  3269 | D:3      | Noticed Jessica
  3273 | D:3      | Killed Jessica
  3308 | D:3      | Reached skill level 3 in Maces & Flails
  3313 | D:3      | Reached XP level 6. HP: 44/59 MP: 6/6
  3602 | D:3      | Reached skill level 4 in Maces & Flails
  4327 | D:4      | Reached skill level 7 in Throwing
  4804 | D:4      | Found a burning altar of Makhleb.
  4968 | D:4      | Reached skill level 5 in Maces & Flails
  5088 | D:4      | Reached XP level 7. HP: 60/66 MP: 7/7
  5092 | D:4      | HP: 12/66 [killer bee (7)]
  5093 | D:4      | HP: 1/66 [killer bee (10)]
  5093 | D:4      | Slain by a killer bee

Action                   |  1- 3 |  4- 6 |  7- 9 || total
-------------------------+-------+-------+-------++-------
Melee: Short sword       |    22 |       |       ||    22
       Club              |    51 |    58 |       ||   109
       Whip              |       |    25 |     1 ||    26
Throw: Stone             |    86 |   170 |       ||   256
       Large rock        |     5 |    32 |     3 ||    40
  Use: Potion            |       |     2 |     1 ||     3
       Scroll            |       |     7 |       ||     7
  Eat: Chunk             |     4 |     9 |       ||    13

Vault maps used:
D:1:      moated_graveyard_arrival, hangedman_decor_lopped,
          hangedman_glass_teeth
D:2:      cheibriados_altar_wand_db, old_standard_altar,
          lemuel_coloured_pillars_altar, st_stairs_10,
          nemelex_lonely_heart_becter
D:3:      grunt_ministairs_8, uniq_jessica
D:4:      overflow_temple_1_default, first_bread, hangedman_decor_growths

Table legend:
 A = Turns spent in this place as a percentage of turns spent in the entire game.
 B = Non-inter-level travel turns spent in this place as a percentage of non-inter-level travel turns spent in the entire game.
 C = Inter-level travel turns spent in this place as a percentage of turns spent in this place.
 D = Turns resting spent in this place as a percentage of non-inter-level travel turns spent in this place.
 E = Turns spent auto-exploring this place as a percentage of non-inter-level travel turns spent in this place.
 F = Non-inter-level travel turns spent in this place divided by the number of levels of this place that you've seen.
                   A       B       C       D       E      F
               +-------+-------+-------+-------+-------+----------------------
         Total | 100.0 | 100.0 |   1.5 |   4.0 |  12.5 | 302.8
       Dungeon | 100.0 | 100.0 |   1.5 |   4.0 |  12.5 | 302.8
               +-------+-------+-------+-------+-------+----------------------

Table legend:
 A = Kills in this place as a percentage of kills in entire the game.
 B = Kills by you in this place as a percentage of kills by you in the entire game.
 C = Kills by friends in this place as a percentage of kills by friends in the entire game.
 D = Other kills in this place as a percentage of other kills in the entire game.
 E = Experience gained in this place as a percentage of experience gained in the entire game.
 F = Experience gained in this place divided by the number of levels of this place that you have seen.
                   A       B       C       D       E      F
               +-------+-------+-------+-------+-------+----------------------
         Total | 100.0 | 100.0 |  -nan |  -nan | 100.0 | 166.0
       Dungeon | 100.0 | 100.0 |  -nan |  -nan | 100.0 | 166.0
               +-------+-------+-------+-------+-------+----------------------
